AoeStats
← Evinrude

Arabia

509447776Analyzed
1v1 RM · 6d ago on Sep 26, 2026· 54m 28s· 2 players
Game mode
Random Map
Map size
Tiny (2 player)
Population
200
Speed
Normal
Resources
Standard
Victory
Conquest
Starting age
Dark Age
Ending age
Imperial Age
RankedLock teamsTeams togetherTeam positionsShared explorationLock speedFull tech treeHidden civsTurbo modeCheats
Victory
Defeat
🇲🇽 Italians · Mexico
633
+14
🇫🇷 Armenians · France
583
-14
Evinrude
10:58 Feudal Age
10:53 Loom
13:42 Double-Bit Axe
16:12 Horse Collar
22:17 Castle Age
21:43 Forging
22:10 Bloodlines
24:55 Scale Barding Armor
28:23 Husbandry
29:46 Gold Mining
31:48 Masonry
31:34 Murder Holes
38:10 Chain Barding Armor
38:26 Iron Casting
47:56 Ballistics
AssBreaker
6:20 Loom
11:08 Feudal Age
13:03 Double-Bit Axe
14:37 Wheelbarrow
17:37 Fletching
20:50 Castle Age
20:31 Forging
22:22 Hand Cart
22:25 Bow Saw
22:10 Horse Collar
22:42 Crossbowman
24:49 Squires
24:12 Pikeman
26:09 Gold Mining
27:36 Thumb Ring
47:48 Imperial Age
Connection lost

Rejoining the realm…

Still unreachable

The connection could not be restored.

Session expired

The server has moved on; the page needs a fresh start.